 Dungeon Crawl Stone Soup version 0.28.0-53-g5a82cb258f (webtiles) character file.

Game seed: 2482676740956587128

177 tizbic2 the Shield-Bearer (level 5, -3/28 HPs)
             Began as a Vine Stalker Fighter on July 19, 2022.
             Killed from afar by a steam dragon (8 damage)
             ... with a ball of steam
             ... on level 4 of the Dungeon.
             The game lasted 00:08:25 (1886 turns).

tizbic2 the Shield-Bearer (Vine Stalker Fighter)    Turns: 1886, Time: 00:08:26

Health: -3/28      AC: 11    Str: 18    XL:     5   Next: 57%
Magic:  0/9        EV:  4    Int: 10    God:
Gold:   81         SH:  5    Dex: 14    Spells: 8/8 levels left

rFire   . . .      SeeInvis .   f - staff of earth
rCold   . . .      Faith    .   c - +0 buckler
rNeg    . . .      Spirit   +   k - +0 plate armour
rPois   .          Reflect  .   (no helmet)
rElec   .          Harm     .   (no cloak)
rCorr   .          Rampage  .   (no gloves)
Will    .....                   (no boots)
Stlth   ..........              (no amulet)
HPRegen 0.89/turn               (no ring)
MPRegen 0.11/turn               (no ring)

@: no status effects
A: fangs 2, regeneration 1, magic shield, antimagic bite, no potion heal 2
a: no special abilities


You were on level 4 of the Dungeon.
You visited 1 branch of the dungeon, and saw 5 of its levels.

You collected 81 gold pieces.

Inventory:

Hand Weapons
 a - a +0 war axe
 p - a +0 hand axe
Missiles
 i - 160 stones (quivered)
Armour
 b - a +0 scale mail
 c - a +0 buckler (worn)
 k - a +0 plate armour (worn)
Magical Staves
 f - a staff of earth (weapon)
Scrolls
 e - a scroll of enchant weapon {unknown}
 h - a scroll of teleportation {unknown}
 l - 2 scrolls of fog {unknown}
 n - a scroll of identify {unknown}
 o - a scroll of torment {unknown}
Potions
 d - a potion of might
 g - a potion of curing {unknown}
 j - a potion of mutation {unknown}
 m - a potion of lignification {unknown}
 q - 2 potions of flight {unknown}


   Skills:
 + Level 3.3 Fighting
 - Level 1.7(1.8) Axes
 - Level 0.4(2.1) Maces & Flails
 * Level 2.7 Staves
 - Level 2.4 Armour
 + Level 3.4 Shields
 + Level 2.0 Spellcasting


You had 8 spell levels left.
You didn't know any spells.
Your spell library contained the following spells:

 Spells                   Type           Power      Damage    Failure   Level
 Summon Guardian Golem    Hex/Summ       1%         N/A       100%        3
 Orb of Destruction       Conj           0%         9d5       100%        7
 Spellforged Servitor     Conj/Summ      0%         N/A       100%        7


Dungeon Overview and Level Annotations

Branches:
Dungeon (5/15)
 Temple: D:4-7

Altars:

Shops:
D:1 :

Portals:
Sewer: D:3


Innate Abilities, Weirdness & Mutations

You have extremely sharp teeth.
Your natural rate of healing is unusually fast.
When hurt, damage is shared between your health and your magic reserves.
Your bite disrupts and absorbs the magic of your enemies.
Potions cannot restore your health.


Message History

Found a shortbow.
The steam dragon bites you but does no damage.
The steam dragon claws you but does no damage.
You hit the steam dragon but do no damage.
You bite the steam dragon, but do no damage.
The steam dragon is moderately wounded.
The steam dragon barely misses you.
The steam dragon claws you but does no damage.
You hit the steam dragon but do no damage.
You bite the steam dragon. You drain its power.
You feel invigorated.
The steam dragon is moderately wounded.
The steam dragon bites you but does no damage.
You block the steam dragon's attack.
You barely miss the steam dragon. You bite the steam dragon.
You drain its power.
You feel invigorated.
The steam dragon is heavily wounded.
The steam dragon bites you.
* * * LOW HITPOINT WARNING * * *
The steam dragon claws you but does no damage.
You hit the steam dragon. You bite the steam dragon. You drain its power.
You feel invigorated.
The steam dragon is severely wounded.
The steam dragon bites you but does no damage.
The steam dragon claws you.
* * * LOW HITPOINT WARNING * * *
You barely miss the steam dragon. Your bite misses the steam dragon.
The steam dragon is severely wounded.
The steam dragon breathes steam at you. The ball of steam hits you!
* * * LOW HITPOINT WARNING * * *
You block the steam dragon's attack. The steam dragon claws you.
* * * LOW HITPOINT WARNING * * *
The steam dragon barely misses you. The steam dragon claws you.
* * * LOW HITPOINT WARNING * * *
A centaur skeleton comes into view.
Found 20 stones.
A kobold comes into view. It is wielding a +0 dagger.
The steam dragon breathes steam at you. The ball of steam hits you!
You die...

..$......#
.........# #####
....K.Z..##.....
###+#...........
#...........
#...........
#.D.....####
#ยง......#
#@......#
#.........#
###...)...#
#.......#
#.........
#.........
#.........
##..##.(.


You could see a steam dragon (catching breath), a kobold and a centaur skeleton
(wandering).

Vanquished Creatures
  A hound (D:5)
  Jessica (D:3)
  5 adders
  A river rat (D:3)
  3 dart slugs
  5 endoplasms
  4 giant cockroaches
  6 goblins
  3 hobgoblins
  8 jackals
  A quokka (D:2)
  7 ball pythons
  6 bats
  A frilled lizard (D:1)
  4 kobolds
  5 rats
61 creatures vanquished.

Notes
Turn   | Place    | Note
-------+----------+-------------------------------------------
     0 | D:1      | tizbic2 the Vine Stalker Fighter began the quest for the
                  | Orb.
     0 | D:1      | Reached XP level 1. HP: 11/11 MP: 2/2
    69 | D:1      | Found Nekum's Book Emporium.
   165 | D:1      | Reached XP level 2. HP: 14/16 MP: 1/3
   420 | D:1      | Reached skill level 1 in Staves
   432 | D:1      | Reached XP level 3. HP: 8/19 MP: 5/5
   654 | D:1      | Reached skill level 1 in Spellcasting
  1208 | D:2      | Gained mutation: Your natural rate of healing is unusually
                  | fast. [Vine Stalker growth]
  1208 | D:2      | Reached XP level 4. HP: 16/24 MP: 6/6
  1677 | D:3      | Found a faded altar of an unknown god.
  1677 | D:3      | Found a glowing drain.
  1679 | D:3      | Noticed Jessica
  1764 | D:3      | Killed Jessica
  1765 | D:3      | Reached XP level 5. HP: 21/28 MP: 4/8
  1796 | D:3      | You fall into a shaft and drop 2 floors!
  1796 | D:5      | Entered Level 5 of the Dungeon
  1865 | D:4      | Noticed a steam dragon
  1881 | D:4      | HP: 1/28 [steam dragon (3)]
  1886 | D:4      | Killed from afar by a steam dragon

Illustrated notes

Levels and vault maps discovered:
D:1:      minmay_arrival_loop, layout_basic, serial_shops, nicolae_square_shop
D:2:      layout_basic, minmay_stone_trees_small, minmay_tetromino_i2
D:3:      wander_river, layout_basic, portal_sewer_entry_b,
          ebering_ecumenical_altar_webs, uniq_terence, uniq_grinder,
          uniq_jessica
D:4:      layout_basic
D:5:      nicolae_cairo_tiling, layout_basic, minmay_manual_mares

Skill      XL: |  1  2  3  4  5 |
---------------+----------------+-----
Staves         | 1 2 |  2.7
Shields        | 3 |  3.4
Spellcasting   | 1 2 |  2.0
Fighting       | 3 |  3.3
Axes           | |  1.7
Maces & Flails | |  0.4
Armour         | |  2.4

Action                   |  1- 3 |  4- 6 || total
-------------------------+-------+-------++-------
Melee: Staff             |   130 |    66 ||   196
       War axe           |     5 |       ||     5
       Bite              |    32 |    27 ||    59
       Hand axe          |       |    19 ||    19
Throw: Stone             |     8 |     7 ||    15
Armor: Scale mail        |    50 |       ||    50
       Plate armour      |    31 |    90 ||   121
Dodge: Dodged            |    71 |    28 ||    99
Block: Buckler           |    29 |    29 ||    58
